 Dungeon Crawl Stone Soup version 0.22.1-2-g9c5b331 (webtiles) character file.

230593 sanboga the Executioner (level 19, -6/130 HPs)
             Began as a Gargoyle Berserker on Nov 30, 2018.
             Was the Champion of Trog.
             Mangled by a merfolk
             ... wielding a +0 trident
              (12 damage)
             ... on level 3 of the Shoals.
             The game lasted 00:59:13 (34241 turns).

sanboga the Executioner (Gargoyle Berserker)       Turns: 34241, Time: 00:59:13

Health: -6/130     AC: 49    Str: 47    XL:     19   Next: 48%
Magic:  19/19      EV: 10    Int:  8    God:    Trog [******]
Gold:   2037       SH:  0    Dex: 13    Spells: 18/18 levels left

rFire    . . .     SeeInvis .   P - +9 executioner's axe of the Absolute Madman {elec, *Noise rPois Str+6}
rCold    + . .     Gourm    +   (shield currently unavailable)
rNeg     + . .     Faith    .   M - +4 plate armour {MR+}
rPois    ∞         Spirit   .   k - +2 helmet
rElec    +         Reflect  .   m - +1 cloak {MR+}
rCorr    .         Harm     .   O - +1 pair of gloves {Str+3}
MR       +++..                  (no boots)
Stlth    ..........             C - amulet of the gourmand
HPRegen  0.31/turn              b - ring of Shadows {Umbra +Inv Stlth+}
MPRegen  0.16/turn              F - ring "Gikoalu" {rC+ AC+3 Str+4 Dex+4 Stlth-}

@: mighty, flying, wreathed by umbra
A: big wings, negative energy resistance 1, electricity resistance, unbreathing,
petrification resistance, rot immunity, AC +14
}: 1/15 runes: serpentine
a: Stop Flying, Berserk, Trog's Hand, Brothers in Arms, Renounce Religion, Evoke
Invisibility


You were on level 3 of the Shoals.
You worshipped Trog.
Trog was exalted by your worship.
You were completely stuffed.

You visited 5 branches of the dungeon, and saw 30 of its levels.
You also visited: Sewer, Bailey, Ice Cave and Volcano.

You collected 2620 gold pieces.
You spent 583 gold pieces at shops.

Inventory:

Hand Weapons
 w - a +1 battleaxe of flaming
 P - the +9 executioner's axe of the Absolute Madman (weapon) {elec, *Noise rPois Str+6}
   (You found it in a bailey)

   Occasionally, upon striking a foe, it will discharge some electrical energy
   and cause terrible harm.
   It affects your strength (+6).
   It protects you from poison.
   It may make noises in combat.
 Q - a +5 executioner's axe of venom
Armour
 k - a +2 helmet (worn)
 m - a +1 cloak of magic resistance (worn)
 M - a +4 plate armour of magic resistance (worn)
 O - a +1 pair of gloves of strength (worn)
Jewellery
 a - an uncursed ring of see invisible
 b - the ring of Shadows (left hand) {Umbra +Inv Stlth+}
   (You found it on level 13 of the Dungeon)

   [ring of stealth]

   It lets you turn invisible.
   It makes you more stealthy.
 o - the cursed ring "Valua" {rC+ AC-3, unknown}
   (You took it off a naga warrior on level 4 of the Snake Pit)

   [ring of protection]

   It affects your AC (-3).
   It protects you from cold.
   It has a curse placed upon it.
 C - an amulet of the gourmand (around neck)
 D - an uncursed ring of protection from fire
 F - the ring "Gikoalu" (right hand) {rC+ AC+3 Str+4 Dex+4 Stlth-}
   (You found it on level 11 of the Dungeon)

   [ring of protection]

   It affects your AC (+3).
   It affects your strength (+4).
   It affects your dexterity (+4).
   It protects you from cold.
   It makes you less stealthy.
 I - a +2 ring of dexterity {unknown}
 L - an uncursed ring of protection from fire
Wands
 p - a wand of polymorph (68)
 u - a wand of paralysis (58)
 x - a wand of digging (6)
 y - a wand of iceblast (39)
 E - a wand of disintegration (30)
 G - a wand of random effects (74)
 H - a wand of acid (6)
 J - a wand of scattershot (13)
 R - a wand of flame (23)
Scrolls
 d - 2 scrolls of enchant weapon
 f - 15 scrolls of remove curse
 h - 8 scrolls of fog
 j - 6 scrolls of identify
 n - 9 scrolls of teleportation
 v - 4 scrolls of blinking
 K - 3 scrolls of magic mapping
 N - a scroll of fear
Potions
 e - 9 potions of curing
 g - 2 potions of mutation
 i - 4 potions of haste
 q - 6 potions of might
 r - 6 potions of agility
 s - 5 potions of cancellation
 t - a potion of ambrosia
 z - 3 potions of invisibility
 A - a potion of resistance
Comestibles
 c - 47 rations


   Skills:
 + Level 18.3 Fighting
 * Level 21.0 Axes
 + Level 18.2 Armour
 - Level 1.5 Dodging


You had 18 spell levels left.
You didn't know any spells.
Your spell library was empty.

Dungeon Overview and Level Annotations

Branches:
Dungeon (15/15)            Temple (0/1) D:7            Lair (6/6) D:9
 Shoals (3/4) Lair:3        Snake (4/4) Lair:2        Slime (0/5) Lair:5
    Orc (2/2) D:12            Elf (0/3) Orc:2        Vaults (0/5) D:14
 Depths (0/5) D:15

Altars:
Dithmenos
Fedhas
Uskayaw
Xom
Yredelemnul
The Shining One
Beogh
Jiyva

Shops:
D:4 [!   D:7 !   D:10 *   D:13 *   D:14 [   Orc:1 *   Orc:2 ?![%   Shoals:1 *
Snake:2 :   Snake:3 *


Innate Abilities, Weirdness & Mutations

You are resistant to torment.
Your stone body is resilient. (AC +14)
You are immune to poison.
Your large and strong wings let you fly indefinitely.
You resist negative energy. (rN+)
You are resistant to electric shocks. (rElec)
You can survive without breathing.
You are immune to petrification.
You are immune to rotting.


Message History

You hear a splash.
You slice the merfolk!! Lightning courses through the merfolk!
The harpy closely misses you. The harpy claws you but does no damage.
The merfolk impaler hits you but does no damage.
The harpy claws you but does no damage. The harpy closely misses you.
The merfolk hits you with a spear!
* * * LOW HITPOINT WARNING * * *
The merfolk hits you but does no damage. x2
You feel much better.
The harpy screeches!
The harpy claws you.
* * * LOW HITPOINT WARNING * * *
The harpy claws you but does no damage. The harpy barely misses you.
The harpy claws you but does no damage.
The merfolk impaler hits you from afar with a trident of piercing!
* * * LOW HITPOINT WARNING * * *
x2 The merfolk hits you but does no damage.
The merfolk impaler hits you but does no damage.
The merfolk hits you from afar with a trident!
You die...

≈≈≈≈≈≈≈..>...........≈≈≈≈
≈≈≈≈≈.....?....?≈≈.......
≈≈≈≈≈≈..........≈.((.....
≈≈≈P≈≈≈≈....)....(((.....
≈≈≈≈PP≈≈≈...(....(((.....
≈≈≈P≈≈≈(..().≈....(().≈..
≈≈≈≈≈≈Hm†H)##...≈≈≈≈.....
≈≈≈≈≈≈.H.(≈.##...((<.....
≈≈≈≈≈≈≈m@≈m.......(......
≈≈≈≈≈≈≈m≈)≈≈.(.#.....##..
≈≈≈≈≈≈≈P≈≈≈≈.≈..........≈
≈≈≈≈P≈≈≈≈≈≈≈≈P..≈≈≈≈≈(≈..
≈≈≈≈≈P≈≈≈≈.....≈≈≈≈≈≈≈≈≈≈
≈≈≈PPP..P.....≈≈≈≈≈≈≈≈≈.
≈≈≈PPP......P...≈...≈≈≈.
≈≈≈PP..######....≈..≈..≈
....≈≈≈≈≈≈≈


You could see a merfolk impaler, 3 merfolk and 3 harpies.

Vanquished Creatures
  Vashnia (Snake:3)
  Nikola (Snake:3)
  Rupert (Lair:3)
  A kraken (Shoals:2)
  Frances (Shoals:2)
  Kirke (Lair:5)
  Roxanne (Shoals:2)
  5 nagarajas
  An orc warlord (Orc:2)
  A frost giant (IceCv)
  A stone giant (Orc:1)
  Nessos (Lair:5)
  Azrael (D:15)
  A dire elephant (Lair:6)
  2 merfolk impalers
  Josephine (Lair:4)
  Harold (D:7)
  Fannar (Orc:1)
  14 naga warriors
  3 vault guards (D:14)
  5 hydras
  Erolcha (Orc:1)
  A merfolk avatar (Shoals:2)
  2 catoblepae
  9 anacondas
  11 two-headed ogres
  A deep troll shaman (Lair:6)
  11 death yaks
  2 merfolk aquamancers
  5 centaur warriors
  A satyr (Shoals:3)
  4 orc high priests (Orc:2)
  A vampire mage (D:15)
  Sonja (Lair:4)
  13 shock serpents
  14 naga sharpshooters
  A storm dragon zombie (D:15)
  2 fire crabs (Lair:1)
  2 skeletal warriors (D:15)
  A hell knight (Volcano)
  5 sea snakes
  2 unseen horrors
  3 salamander mystics
  9 orc knights
  13 naga ritualists
  4 necromancers
  Pikel (D:8)
  2 wizards
  A golden dragon skeleton (D:15)
  18 mana vipers
  5 harpies
  9 cyclopes
  9 fauns
  A deep elf mage (D:15)
  4 orc sorcerers
  6 salamanders
  5 manticores
  11 ugly things
  8 elephants
  10 guardian serpents
  5 merfolk sirens
  48 black mambas
  3 water nymphs
  18 naga magi
  An ice statue (IceCv)
  Psyche (D:8)
  A gargoyle (D:15)
  5 centaur skeletons
  12 spiny frogs
  A smoke demon (Volcano)
  A yaktaur (D:14)
  A tengu conjurer (D:13)
  3 harpy zombies (Shoals:2)
  11 komodo dragons
  A red devil (Volcano)
  19 polar bears
  A polar bear (shapeshifter) (D:13)
  10 trolls
  20 merfolk
  A hornet (D:8)
  A queen bee (Lair:5)
  A fire dragon zombie (D:15)
  3 wind drakes
  3 meliai (Lair:5)
  A harpy skeleton (D:14)
  12 hippogriffs
  19 dream sheep
  9 blink frogs
  5 snapping turtles
  An ice dragon skeleton (D:15)
  4 water elementals
  7 wraiths
  A shadow (D:14)
  4 basilisks
  Grum (D:8)
  6 hogs
  10 wyverns
  56 yaks
  5 fire elementals
  17 humans
  A hungry ghost (D:13)
  6 vampire mosquitoes
  3 wargs
  49 nagas
  An acid dragon (D:11)
  9 water moccasins
  5 porcupines
  6 hell hounds
  10 ice beasts
  A hornet zombie (D:15)
  60 orc warriors
  4 sky beasts
  An ogre (shapeshifter) (D:13)
  4 slaves (D:8)
  17 ogres
  An eye of draining (D:10)
  28 wolves
  28 centaurs
  2 big kobolds
  17 crocodiles
  16 bullfrogs
  2 hippogriff zombies (Shoals:2)
  A gnoll sergeant (D:9)
  2 wyvern skeletons
  6 scorpions
  2 jellies
  40 killer bees
  10 wights
  5 howler monkeys
  An electric eel (Snake:4)
  7 crimson imps
  A bullfrog zombie (D:9)
  A lava snake (D:12)
  4 centaur zombies
  8 hounds
  31 orc priests
  A gnoll shaman (Orc:2)
  25 orc wizards
  5 iguanas
  8 worker ants
  2 hell rats (Lair:5)
  A killer bee zombie (D:9)
  A hound skeleton (D:9)
  Robin (D:3)
  8 gnolls
  13 adders
  7 river rats (Sewer)
  6 shadow imps
  An ooze (D:2)
  An adder skeleton (D:9)
  2 adder zombies
  3 worms
  2 dart slugs
  6 leopard geckos
  138 orcs
  6 ball pythons
  8 giant cockroaches
  2 gnoll zombies (D:7)
  12 goblins
  13 hobgoblins
  14 jackals
  5 quokkas
  7 bats
  12 frilled lizards
  A jackal skeleton (D:6)
  A jackal zombie (D:9)
  35 kobolds
  28 rats
  5 fungi
  9 plants
  3 tentacles (Shoals:2)
  2 withered plants (D:15)
1367 creatures vanquished.

Vanquished Creatures (collateral kills)
  A catoblepas (Lair:6)
  A death yak (Lair:6)
  3 oklob plants (Lair:3)
  An elephant (Lair:3)
  2 black mambas
  A porcupine (Lair:3)
9 creatures vanquished.

Vanquished Creatures (others)
  A naga (Snake:3)
  2 bushes (Lair:6)
  14 fungi
  66 plants
  16 tentacles (Shoals:2)
99 creatures vanquished.

Grand Total: 1475 creatures vanquished

Notes
Turn   | Place    | Note
-------+----------+-------------------------------------------
     0 | D:1      | sanboga the Gargoyle Berserker began the quest for the Orb.
     0 | D:1      | Reached XP level 1. HP: 14/14 MP: 1/1
    94 | D:1      | Reached skill level 3 in Axes
    94 | D:1      | Reached XP level 2. HP: 13/19 MP: 2/2
   549 | D:2      | Reached XP level 3. HP: 23/23 MP: 3/3
   695 | D:2      | Reached XP level 4. HP: 29/29 MP: 4/4
   697 | D:2      | Reached ** piety under Trog
  1336 | D:2      | Gained mutation: Your body sometimes deteriorates upon
                  | taking damage. [potion of mutation]
  1336 | D:2      | Gained mutation: You are dopey. (Int -2) [potion of
                  | mutation]
  1336 | D:2      | Gained mutation: You are agile. (Dex +2) [potion of
                  | mutation]
  1356 | D:3      | Reached skill level 4 in Axes
  1369 | D:3      | Reached XP level 5. HP: 33/33 MP: 5/5
  1501 | D:3      | Reached *** piety under Trog
  1579 | D:3      | Noticed Robin
  1582 | D:3      | Reached XP level 6. HP: 32/39 MP: 6/6
  1596 | D:3      | Killed Robin
  1861 | D:3      | Received a gift from Trog
  1964 | D:4      | Found a hide-covered altar of Uskayaw.
  2036 | D:4      | Reached skill level 5 in Axes
  2166 | D:4      | Found a blossoming altar of Fedhas.
  2236 | D:4      | Reached skill level 5 in Fighting
  2236 | D:4      | Reached XP level 7. HP: 44/44 MP: 7/7
  2333 | D:4      | Found Kaip Gipt's Distillery.
  2420 | D:4      | Found Ivit's Antique Armour Shoppe.
  2423 | D:4      | Bought a runed cloak for 172 gold pieces
  2466 | D:4      | You fall through a shaft for 2 floors!
  2704 | D:6      | Found a glowing drain.
  2708 | Sewer    | Entered a sewer
  2729 | Sewer    | Reached **** piety under Trog
  3390 | D:6      | Reached skill level 6 in Axes
  3390 | D:6      | Reached skill level 5 in Armour
  3407 | D:5      | Entered Level 5 of the Dungeon
  3491 | D:5      | Reached XP level 8. HP: 38/51 MP: 8/8
  4143 | D:5      | Reached ***** piety under Trog
  4720 | D:6      | Reached skill level 7 in Axes
  4816 | D:6      | Found a glowing golden altar of the Shining One.
  5480 | D:7      | Found Sun Wuriesud's Distillery.
  5517 | D:7      | Reached XP level 9. HP: 56/56 MP: 9/9
  5672 | D:7      | Reached skill level 8 in Axes
  5973 | D:7      | Bought a potion of mutation for 104 gold pieces
  5973 | D:7      | Lost mutation: Your body sometimes deteriorates upon taking
                  | damage. [potion of mutation]
  5973 | D:7      | Lost mutation: You are agile. (Dex +2) [potion of mutation]
  5973 | D:7      | Lost mutation: You are dopey. (Int -2) [potion of mutation]
  5973 | D:7      | Gained mutation: Your magical capacity is low. (-10% MP)
                  | [potion of mutation]
  5973 | D:7      | Lost mutation: Your magical capacity is low. (-10% MP)
                  | [potion of mutation]
  6048 | D:7      | Reached skill level 9 in Axes
  6085 | D:7      | Found a staircase to the Ecumenical Temple.
  6179 | D:7      | Noticed Harold
  6197 | D:7      | Killed Harold
  6197 | D:7      | Reached XP level 10. HP: 61/65 MP: 10/10
  6372 | D:7      | Found a basalt altar of Yredelemnul.
  6469 | D:8      | Noticed Psyche
  6483 | D:8      | Killed Psyche
  6657 | D:8      | Reached skill level 10 in Axes
  6820 | D:8      | Noticed a two-headed ogre
  6827 | D:8      | Killed a two-headed ogre
  6827 | D:8      | Received a gift from Trog
  6828 | D:8      | Noticed Pikel
  6845 | D:8      | Killed Pikel
  6892 | D:8      | Noticed Grum
  6925 | D:8      | Killed Grum
  7430 | D:9      | Found a staircase to the Lair.
  7506 | D:9      | Reached XP level 11. HP: 56/71 MP: 11/11
  7738 | D:9      | Reached skill level 11 in Axes
  7807 | D:9      | Found a shadowy altar of Dithmenos.
  8182 | D:10     | Entered Level 10 of the Dungeon
  8212 | D:10     | Found Jaturani's Serpentskin Sales.
  8339 | D:10     | Noticed a six-headed hydra
  8351 | D:10     | Killed a seven-headed hydra
  8351 | D:10     | Reached skill level 10 in Fighting
  8873 | D:10     | Noticed a two-headed ogre
  8882 | D:10     | Killed a two-headed ogre
  8882 | D:10     | Reached skill level 10 in Armour
  8997 | D:11     | Noticed a purple ugly thing
  8999 | D:11     | Noticed a centaur warrior
  9008 | D:11     | Killed a centaur warrior
  9010 | D:11     | Killed a purple ugly thing
  9013 | D:11     | Reached skill level 12 in Axes
  9018 | D:11     | Received a gift from Trog
  9086 | D:11     | Got a crude wooden ring
  9094 | D:11     | Identified the ring "Gikoalu" {rC+ AC+3 Str+4 Dex+4 Stlth-}
                  | (You found it on level 11 of the Dungeon)
  9095 | D:11     | Noticed a white ugly thing
  9107 | D:11     | Killed a white ugly thing
  9479 | D:11     | Reached ****** piety under Trog
  9706 | D:11     | Reached XP level 12. HP: 75/79 MP: 12/12
  9883 | Lair:1   | Entered Level 1 of the Lair of Beasts
 10240 | Lair:1   | Found a transporter.
 10344 | Lair:1   | Found a transporter.
 10925 | Lair:2   | Reached skill level 13 in Axes
 11070 | Lair:2   | Found a staircase to the Snake Pit.
 11873 | Lair:3   | Noticed Rupert
 11886 | Lair:3   | You fall through a shaft for 2 floors!
 11886 | Lair:5   | Noticed Nessos
 11899 | Lair:5   | Killed Nessos
 11899 | Lair:5   | Reached XP level 13. HP: 46/86 MP: 13/13
 11930 | Lair:5   | Found a viscous altar of Jiyva.
 11938 | Lair:5   | Found a frozen archway.
 11965 | IceCv    | Entered an ice cave
 11970 | IceCv    | Reached skill level 14 in Axes
 12161 | IceCv    | Received a gift from Trog
 12592 | IceCv    | Noticed a frost giant
 12604 | IceCv    | Killed a frost giant
 12675 | IceCv    | Found the +5 scythe "Finisher" {speed, Str+3}
 12973 | Lair:4   | Noticed Sonja
 12975 | Lair:4   | Killed Sonja
 13076 | Lair:4   | Noticed Josephine
 13094 | Lair:4   | Killed Josephine
 13380 | Lair:3   | Killed Rupert
 13380 | Lair:3   | Reached skill level 15 in Axes
 13380 | Lair:3   | Gained mutation: Your large and strong wings let you fly
                  | indefinitely. [Gargoyle growth]
 13380 | Lair:3   | Reached XP level 14. HP: 94/94 MP: 14/14
 13558 | Lair:3   | Found a staircase to the Shoals.
 14345 | Lair:5   | Found a staircase to the Slime Pits.
 14559 | Lair:5   | Received a gift from Trog
 14905 | Lair:5   | Noticed Kirke
 14927 | Lair:5   | Killed Kirke
 15380 | Lair:6   | Entered Level 6 of the Lair of Beasts
 15552 | Lair:6   | Reached skill level 16 in Axes
 15812 | Lair:6   | Received a gift from Trog
 16177 | Lair:6   | Reached XP level 15. HP: 78/100 MP: 15/15
 17416 | D:12     | Received a gift from Trog
 17421 | D:12     | Found a roughly hewn altar of Beogh.
 17421 | D:12     | Found a staircase to the Orcish Mines.
 18126 | Orc:1    | Entered Level 1 of the Orcish Mines
 18161 | Orc:1    | Found a dark tunnel.
 18182 | Volcano  | Entered a volcano
 18838 | Orc:1    | Noticed Fannar
 18839 | Orc:1    | Found Wusaewomma's Assorted Antiques.
 18847 | Orc:1    | Killed Fannar
 18851 | Orc:1    | Reached skill level 17 in Axes
 19355 | Orc:1    | Noticed Erolcha
 19362 | Orc:1    | Killed Erolcha
 19463 | Orc:2    | Entered Level 2 of the Orcish Mines
 19565 | Orc:2    | Received a gift from Trog
 19910 | Orc:2    | Found Ynin's Food Shop.
 19930 | Orc:2    | Found Cenean's Armour Boutique.
 19964 | Orc:2    | Found a roughly hewn altar of Beogh.
 19973 | Orc:2    | Reached skill level 15 in Fighting
 20304 | Orc:2    | Noticed an orc warlord
 20407 | Orc:2    | Killed an orc warlord
 20409 | Orc:2    | Reached skill level 15 in Armour
 21114 | Orc:2    | Found a roughly hewn altar of Beogh.
 21136 | Orc:2    | Found Ykliman's Distillery.
 21466 | Orc:2    | Found Egod's Magic Scroll Shoppe.
 21474 | Orc:2    | Reached XP level 16. HP: 92/108 MP: 16/16
 22025 | Orc:2    | Received a gift from Trog
 22124 | Orc:2    | Found a staircase to the Elven Halls.
 22598 | D:13     | Found the ring of Shadows {Umbra +Inv Stlth+}
 22599 | D:13     | Found the +7 lajatang of Order {silver, rMut}
 22738 | D:13     | Found Ybaxzo's General Store.
 22979 | D:13     | Received a gift from Trog
 23185 | D:13     | Reached skill level 18 in Axes
 23518 | D:14     | Found a flagged portal.
 23526 | Bailey   | Entered a bailey
 23869 | Bailey   | Got a bloodstained executioner's axe
 23870 | Bailey   | Identified the +9 executioner's axe of the Absolute Madman
                  | {elec, *Noise rPois Str+6} (You found it in a bailey)
 23871 | Bailey   | Identified a scroll of acquirement
 24415 | D:14     | Received a gift from Trog
 24509 | D:14     | Found a gate to the Vaults.
 24783 | D:14     | Found Naont's Armour Boutique.
 24994 | D:15     | Entered Level 15 of the Dungeon
 25069 | D:15     | Noticed Azrael
 25081 | D:15     | Killed Azrael
 25246 | D:15     | Found a shimmering altar of Xom.
 25246 | D:15     | Found a shimmering altar of Xom.
 25247 | D:15     | Found a shimmering altar of Xom.
 25248 | D:15     | Found a shimmering altar of Xom.
 25249 | D:15     | Found a shimmering altar of Xom.
 25250 | D:15     | Found a shimmering altar of Xom.
 25307 | D:15     | Reached XP level 17. HP: 70/115 MP: 17/17
 25434 | D:15     | Found a staircase to the Depths.
 25786 | Snake:1  | Entered Level 1 of the Snake Pit
 25999 | Orc:2    | Bought a scroll of enchant weapon for 112 gold pieces
 26359 | Snake:1  | Received a gift from Trog
 27409 | Snake:2  | Reached skill level 19 in Axes
 27981 | Snake:2  | Found Turiely's Book Emporium.
 28455 | Snake:3  | Noticed Vashnia
 28487 | Snake:3  | Killed Vashnia
 28862 | Snake:3  | Noticed Nikola
 28879 | Snake:3  | Killed Nikola
 29054 | Snake:3  | Received a gift from Trog
 29286 | Snake:3  | Reached XP level 18. HP: 116/123 MP: 18/18
 29398 | Snake:3  | Found Voriaghi's General Store.
 29762 | Snake:4  | Entered Level 4 of the Snake Pit
 30294 | Snake:4  | Reached skill level 20 in Axes
 30297 | Snake:4  | Received a gift from Trog
 31112 | Snake:4  | Found a runed door.
 31131 | Snake:4  | Received a gift from Trog
 31138 | Snake:4  | Got a flickering pewter ring
 31549 | Snake:4  | Got a serpentine rune of Zot
 31815 | Shoals:1 | Entered Level 1 of the Shoals
 31926 | Shoals:1 | Reached XP level 19. HP: 130/130 MP: 19/19
 32393 | Shoals:1 | Found Maike's Merry Market.
 32404 | Shoals:1 | Bought a potion of mutation for 136 gold pieces
 32404 | Shoals:1 | Bought a scroll of magic mapping for 59 gold pieces
 32700 | Shoals:2 | Noticed Roxanne
 32704 | Shoals:2 | Noticed Frances
 32713 | Shoals:2 | Killed Roxanne
 32726 | Shoals:2 | Killed Frances
 33857 | Shoals:3 | Received a gift from Trog
 34215 | Shoals:3 | Reached skill level 21 in Axes
 34241 | Shoals:3 | HP: 6/130 [merfolk impaler/trident of piercing (3)]
 34241 | Shoals:3 | Mangled by a merfolk

Skill      XL: |  1  2  3  4  5  6  7  8  9 10 11 12 13 14 15 16 17 18 19 |
---------------+----------------------------------------------------------+-----
Axes           | 3 4 5 6 7 9 10 12 13 15 16 17 18 19 20 21 | 21.0
Armour         | 3 4 5 6 8 9 10 11 13 14 15 16 17 18 | 18.2
Fighting       | 4 5 6 8 9 10 12 13 14 15 16 17 18 | 18.3
Dodging        | |  1.5

Action                   |  1- 3 |  4- 6 |  7- 9 | 10-12 | 13-15 | 16-18 | 19-21 || total
-------------------------+-------+-------+-------+-------+-------+-------+-------++-------
Melee: Hand axe          |    95 |   235 |   515 |   256 |       |       |       ||  1101
       Battleaxe         |       |       |    15 |     5 |   275 |   357 |       ||   652
       War axe           |       |       |       |   405 |   914 |       |       ||  1319
       Executioner's axe |       |       |       |       |       |   748 |   209 ||   957
Invok: Berserk           |     1 |     2 |     3 |     5 |     9 |     5 |     2 ||    27
       Brothers in Arms  |       |       |       |     1 |     2 |     1 |       ||     4
       Trog's Hand       |       |       |       |       |     2 |       |       ||     2
 Abil: Fly               |       |       |       |       |     1 |       |       ||     1
Evoke: Wand              |       |       |       |     2 |     5 |       |       ||     7
  Use: Scroll            |     4 |     5 |    11 |     9 |    10 |    11 |       ||    50
       Potion            |     1 |     2 |     5 |     3 |     2 |     3 |     5 ||    21
 Stab: Paralysed         |       |       |       |     6 |       |       |       ||     6
       Distracted        |       |       |       |     1 |       |       |       ||     1
       Petrified         |       |       |       |       |    17 |       |       ||    17
       Petrifying        |       |       |       |       |     3 |       |       ||     3
  Eat: Chunk             |       |     8 |     8 |    43 |    40 |    52 |     9 ||   160
       Ration            |       |       |     2 |       |       |     1 |       ||     3
Armor: Animal skin       |    37 |       |       |       |       |       |       ||    37
       Chain mail        |    10 |   224 |   234 |       |       |       |       ||   468
       Plate armour      |       |       |   232 |   578 |   885 |  1149 |   284 ||  3128
Dodge: Dodged            |    68 |   119 |   238 |   277 |   514 |   640 |   150 ||  2006
